 Dungeon Crawl Stone Soup version 0.23.2-1-ga50397a (webtiles) character file.

Game seed: 17127995700627194033

9540 GuyDeFluk the Jinx (level 11, -6/52 HPs)
             Began as a Spriggan Enchanter on May 14, 2019.
             Was a High Priest of Dithmenos.
             Mangled by a seven-headed hydra (9 damage)
             ... on level 1 of the Lair of Beasts.
             The game lasted 01:35:22 (14820 turns).

GuyDeFluk the Jinx (Spriggan Enchanter)            Turns: 14820, Time: 01:35:22

Health: -6/52      AC:  3    Str:  6    XL:     11   Next: 24%
Magic:  26/26      EV: 23    Int: 18    God:    Dithmenos [*****.]
Gold:   462        SH:  0    Dex: 17    Spells: 20/30 levels left

rFire    . . .     SeeInvis +   g - +5 dagger (elec)
rCold    + . .     Gourm    .   (shield restricted)
rNeg     . . .     Faith    .   b - +0 robe
rPois    .         Spirit   .   E - +1 hat
rElec    .         Reflect  .   (no cloak)
rCorr    +         Harm     .   (gloves unavailable)
MR       +....                  (boots unavailable)
Stlth    ++++++....             l - amulet of magic regeneration
HPRegen  0.17/turn              w - ring of protection from cold
MPRegen  0.45/turn              F - ring of resist corrosion

@: wreathed by umbra, very quick
A: very small, unfitting armour, see invisible, herbivore, speed 3, slow
metabolism 2
a: Shadow Step, Shadow Form, Renounce Religion


You were on level 1 of the Lair of Beasts.
You worshipped Dithmenos.
Dithmenos was extremely pleased with you.
You were not hungry.

You visited 3 branches of the dungeon, and saw 13 of its levels.

You collected 513 gold pieces.
You spent 51 gold pieces at shops.

Inventory:

Hand Weapons
 g - a +5 dagger of electrocution (weapon)
 v - a +2 dagger of speed
Armour
 b - a +0 robe (worn)
 q - a +0 buckler
 E - a +1 hat (worn)
Jewellery
 h - an uncursed ring of fire
 l - an amulet of magic regeneration (around neck)
 w - a ring of protection from cold (left hand)
 x - a +5 amulet of reflection
 D - the ring of the Queen {-Tele rF+ Str+5}
   (You found it on level 10 of the Dungeon)

   [ring of protection from fire]

   It affects your strength (+5).
   It protects you from fire.
   It prevents most forms of teleportation.
 F - a ring of resist corrosion (right hand)
Wands
 f - a wand of acid (8)
 B - a wand of digging (4)
Scrolls
 m - 7 scrolls of remove curse
 n - 2 scrolls of magic mapping
 p - 3 scrolls of teleportation
 s - a scroll of fog
 t - 4 scrolls of amnesia
 u - 2 scrolls of enchant armour
 y - 2 scrolls of holy word
 G - a scroll of summoning {unknown}
Potions
 a - 4 potions of flight
 c - 3 potions of magic
 e - 2 potions of haste
 i - 4 potions of curing
 j - a potion of might
 o - 2 potions of agility
 r - a potion of lignification
 z - a potion of resistance {unknown}
 A - a potion of brilliance {unknown}
 C - a potion of heal wounds {unknown}
Comestibles
 d - 19 rations


   Skills:
 - Level 3.0 Fighting
 - Level 10.2 Short Blades
 - Level 8.0 Dodging
 + Level 8.1 Stealth
 + Level 3.9 Shields
 - Level 10.0 Spellcasting
 - Level 10.6 Hexes


You had 20 spell levels left.
You knew the following spells:

 Your Spells              Type           Power        Failure   Level  Hunger
a - Corona                Hex            #####..      1%          1    None
b - Ensorcelled Hibernat  Hex/Ice        ####..       1%          2    None
c - Confuse               Hex            #####...     1%          3    None
d - Dazzling Spray        Conj/Hex       ####..       2%          3    None
e - Apportation           Tloc           #.....       8%          1    None

Your spell library contained the following spells:

 Spells                   Type           Power        Failure   Level  Hunger
 Confusing Touch          Hex            #####.       1%          1    None
 Tukima's Dance           Hex            #####...     1%          3    None
 Animate Skeleton         Necr           N/A          8%          1    None
 Pain                     Necr           #...         8%          1    None
 Summon Small Mammal      Summ           #...         8%          1    None
 Poisonous Vapours        Pois/Air       #.....       12%         2    None
 Conjure Flame            Conj/Fire      #.......     24%         3    None
 Mephitic Cloud           Conj/Pois/Air  #.......     24%         3    None
 Regeneration             Chrm/Necr      #.........   24%         3    None
 Vampiric Draining        Necr           #.........   24%         3    None
 Animate Dead             Necr           N/A          61%         4    ###....
 Freezing Cloud           Conj/Ice/Air   #.........   100%        6    ######.
 Ring of Flames           Chrm/Fire      #.........   100%        7    #######


Dungeon Overview and Level Annotations

Branches:
Dungeon (11/15)            Temple (1/1) D:6            Lair (1/6) D:11
    Orc (0/2) D:9

Altars:
Ashenzari
Cheibriados
Dithmenos
Elyvilon
Fedhas
Gozag
Hepliaklqana
Kikubaaqudgha
Makhleb
Nemelex Xobeh
Okawaru
Qazlal
Ru
Sif Muna
Trog
Uskayaw
Vehumet
Wu Jian
Xom
Yredelemnul
Zin
The Shining One

Shops:
D:9 *

Portals:
Trove: D:11 (lose all piety)

Annotations:
D:10 4 runed translucent doors, exclusion: polar bear


Innate Abilities, Weirdness & Mutations

You are very small and have problems with some larger weapons.
You are too small for most types of armour.
You have supernaturally acute eyesight. (SInv)
You are a herbivore.
You cover ground extremely quickly.
You need to consume almost no food.


Message History

You start resting.
Magic restored.
You start resting.
HP restored.
There is a staircase to the Lair here.
You climb downwards.
Welcome back to the Lair of Beasts!
The wolf misses you. The wolf completely misses you.
The seven-headed hydra completely misses you.
The seven-headed hydra bites you!
The wolf howls!
The seven-headed hydra completely misses you.
The seven-headed hydra bites you. The seven-headed hydra misses you.
The seven-headed hydra completely misses you. x2
The iguana bites you!
You hear a roar!
There is a staircase back to the Dungeon, spattered with blood here.
The wolf barely misses you. The seven-headed hydra bites you!
* * * LOW HITPOINT WARNING * * *
The seven-headed hydra bites you!
You die...

#..#.#.......
....#........
............
...♣.......
..........#
..........#
....(.♣.lD#
h........@#
........hlh.....#
.......♣h.......>
.........########
.........#
.........#
≈≈......##
≈≈≈....♣


You could see a seven-headed hydra, a komodo dragon, 3 wolves and an iguana.

Vanquished Creatures
  2 two-headed ogres
  An unseen horror (D:11)
  A komodo dragon (D:11)
  A troll (D:10)
  2 hippogriffs
  A wyvern (D:11)
  8 yaks
  A basilisk (D:11)
  Menkaure (D:7)
  A warg (D:9)
  2 acid dragons
  A water moccasin (D:6)
  Duvessa (D:6)
  2 orc warriors
  A black bear (D:11)
  An ice beast (D:8)
  A phantom (D:7)
  4 sky beasts
  A necrophage (D:6)
  An ogre (D:9)
  2 crocodiles (D:11)
  11 wolves (D:11)
  4 centaurs
  A big kobold (D:11)
  7 bullfrogs
  A wyvern skeleton (D:11)
  Dowan (D:6)
  5 scorpions
  5 howler monkeys
  A bullfrog zombie (D:10)
  A quasit (D:10)
  A centaur skeleton (D:9)
  2 hounds
  3 jellies
  9 orc priests
  A bullfrog skeleton (D:6)
  11 orc wizards
  An iguana (D:11)
  12 worker ants
  2 worker ant zombies
  Robin (D:3)
  10 gnolls
  12 adders
  4 shadow imps
  2 oozes (D:1)
  An adder skeleton (D:7)
  3 worms
  3 dart slugs
  6 leopard geckos
  49 orcs
  A ball python (D:3)
  6 bats
  3 giant cockroaches
  10 goblins
  6 hobgoblins
  6 jackals
  10 kobolds
  2 quokkas
  A ball python skeleton (D:4)
  2 frilled lizards
  A leopard gecko skeleton (D:4)
  7 rats
261 creatures vanquished.

Vanquished Creatures (collateral kills)
  A hound (D:8)
1 creature vanquished.

Grand Total: 262 creatures vanquished

Notes
Turn   | Place    | Note
-------+----------+-------------------------------------------
     0 | D:1      | GuyDeFluk the Spriggan Enchanter began the quest for the
                  | Orb.
     0 | D:1      | Reached XP level 1. HP: 9/9 MP: 5/5
   252 | D:1      | Reached XP level 2. HP: 13/13 MP: 6/6
   616 | D:1      | Reached skill level 5 in Stealth
  1331 | D:1      | Reached XP level 3. HP: 16/16 MP: 8/8
  2067 | D:2      | Found a shadowy altar of Dithmenos.
  2067 | D:2      | Found a sparkling altar of Nemelex Xobeh.
  2075 | D:2      | Became a worshipper of Dithmenos the Shadowed
  2202 | D:3      | Learned a level 2 spell: Ensorcelled Hibernation
  2206 | D:3      | Learned a level 3 spell: Confuse
  2443 | D:3      | Reached XP level 4. HP: 21/21 MP: 9/9
  2454 | D:3      | Noticed Robin
  2485 | D:3      | Killed Robin
  3157 | D:3      | Reached XP level 5. HP: 22/24 MP: 10/10
  3190 | D:3      | Reached * piety under Dithmenos
  3201 | D:3      | Found a white marble altar of Elyvilon.
  3373 | D:3      | Found a glowing golden altar of the Shining One.
  3373 | D:3      | Found an opulent altar of Gozag.
  4230 | D:4      | Found the +7 mace of Variability {chain chaos}
  4350 | D:4      | Reached skill level 5 in Short Blades
  5409 | D:5      | Entered Level 5 of the Dungeon
  5675 | D:5      | Found an iron altar of Okawaru.
  5846 | D:5      | Found a shadowy altar of Dithmenos.
  5902 | D:5      | Reached XP level 6. HP: 28/28 MP: 11/11
  6513 | D:5      | Reached skill level 5 in Spellcasting
  6609 | D:5      | Reached ** piety under Dithmenos
  6991 | D:6      | Reached XP level 7. HP: 32/32 MP: 14/16
  7007 | D:6      | Learned a level 3 spell: Dazzling Spray
  7203 | D:6      | Found a shattered altar of Ashenzari.
  7638 | D:6      | Noticed Dowan
  7689 | D:6      | Noticed Duvessa
  7696 | D:6      | Killed Dowan
  8402 | D:6      | Reached XP level 8. HP: 35/35 MP: 21/21
  8795 | D:6      | Found a white marble altar of Elyvilon.
  8848 | D:6      | Killed Duvessa
  8850 | D:6      | Reached skill level 10 in Spellcasting
  9026 | D:6      | Found a staircase to the Ecumenical Temple.
  9041 | Temple   | Entered the Ecumenical Temple
  9528 | D:7      | Reached skill level 5 in Hexes
  9861 | D:7      | Noticed Menkaure
  9865 | D:7      | Killed Menkaure
  9927 | D:7      | Reached *** piety under Dithmenos
 10527 | D:8      | Reached XP level 9. HP: 39/39 MP: 8/24
 10600 | D:8      | Found a hazy altar of Hepliaklqana.
 10865 | D:8      | Noticed a two-headed ogre
 10869 | D:8      | Killed a two-headed ogre
 10869 | D:8      | Reached skill level 10 in Hexes
 10875 | D:8      | Reached skill level 1 in Fighting
 11042 | D:9      | Noticed a two-headed ogre
 11063 | D:9      | Killed a two-headed ogre
 11063 | D:9      | Reached skill level 5 in Dodging
 11063 | D:9      | Reached XP level 10. HP: 49/49 MP: 23/25
 11276 | D:9      | Found a shadowy altar of Dithmenos.
 11328 | D:9      | Reached **** piety under Dithmenos
 11637 | D:9      | Learned a level 1 spell: Apportation
 11682 | D:9      | Found a staircase to the Orcish Mines.
 11927 | D:9      | Found Joptaig's General Store.
 11931 | D:9      | Bought a scroll of teleportation for 51 gold pieces
 12089 | D:10     | Entered Level 10 of the Dungeon
 12157 | D:10     | Got a fine platinum ring
 12662 | D:10     | Identified the ring of the Queen {-Tele rF+ Str+5} (You
                  | found it on level 10 of the Dungeon)
 12947 | D:10     | Found a huge runed translucent gate.
 12948 | D:10     | Found a huge runed translucent gate.
 12948 | D:10     | Found a huge runed translucent gate.
 12948 | D:10     | Found a huge runed translucent gate.
 12949 | D:10     | Noticed a death yak
 13119 | D:10     | Reached ***** piety under Dithmenos
 13405 | D:11     | Found a portal to a secret trove of treasure.
 13644 | D:11     | Noticed an unseen horror
 13874 | D:11     | Killed an unseen horror
 13874 | D:11     | Reached skill level 10 in Short Blades
 13874 | D:11     | Reached XP level 11. HP: 52/52 MP: 20/26
 14111 | D:11     | Found a staircase to the Lair.
 14434 | Lair:1   | Entered Level 1 of the Lair of Beasts
 14778 | Lair:1   | Noticed a seven-headed hydra
 14820 | Lair:1   | Mangled by a seven-headed hydra

Skill      XL: |  1  2  3  4  5  6  7  8  9 10 11 |
---------------+----------------------------------+-----
Short Blades   | 2 3 4 5 10 | 10.2
Stealth        | 5 6 7 8 |  8.1
Spellcasting   | 3 5 8 10 | 10.0
Hexes          | 8 10 | 10.6
Fighting       | 3 |  3.0
Dodging        | 5 6 8 |  8.0
Shields        | 2 3 |  3.9

Action                   |  1- 3 |  4- 6 |  7- 9 | 10-12 || total
-------------------------+-------+-------+-------+-------++-------
Melee: Dagger            |   115 |   197 |   183 |   199 ||   694
 Cast: Corona            |     5 |    13 |     2 |       ||    20
       Ensorcelled Hiber |       |       |    37 |    33 ||    70
       Confuse           |       |       |    30 |    52 ||    82
       Dazzling Spray    |       |       |       |     7 ||     7
  Use: Scroll            |     5 |    14 |     4 |     7 ||    30
       Potion            |       |       |     1 |       ||     1
 Stab: Sleeping          |    12 |    10 |    31 |    37 ||    90
       Confused          |       |       |    12 |    18 ||    30
       Distracted        |       |       |     1 |     2 ||     3
       Invisible         |       |       |       |     3 ||     3
  Eat: Ration            |       |     2 |     2 |     2 ||     6
Armor: Robe              |     7 |    10 |     3 |     8 ||    28
Dodge: Dodged            |    66 |   101 |   111 |   171 ||   449
